 Dungeon Crawl Stone Soup version 0.28-a0-622-gbaef9634d7 (webtiles) character file.

Game seed: 3327623118600966336

4260 robertstho the Thaumaturge (level 10, 0/70 HPs)
             Began as a Djinni Fire Elementalist on Oct 7, 2021.
             Was an Initiate of Gozag.
             Slain by an orc warrior (19 damage)
             ... on level 8 of the Dungeon.
             The game lasted 00:13:12 (11402 turns).

robertstho the Thaumaturge (DjFE)                  Turns: 11402, Time: 00:13:13

Health: 0/70       AC:  7    Str:  7    XL:     10   Next: 56%
Gold:   728        EV: 12    Int: 19    God:    Gozag SH:  9 Dex: 15

rFire   + + .      SeeInvis .   d - staff of air
rCold   x . .      Faith    .   v - +0 buckler
rNeg    . . .      Spirit   .   a - +0 robe
rPois   ∞          Reflect  +   (no helmet)
rElec   +          Harm     .   u - +0 cloak
rCorr   .          Rampage  .   (no gloves)
Will    +....                   (boots unavailable)
Stlth   ++........              r - amulet of reflection
HPRegen 0.21/turn               e - +4 ring of protection
MPRegen 0.00/turn               (no ring)

@: gold aura, flying
A: sickness immunity, fire resistance 2, cold vulnerability 1, float, innate
caster, hp casting, extra vitality 1
a: Renounce Religion, Potion Petition, Call Merchant, Bribe Branch


You were on level 8 of the Dungeon.
You worshipped Gozag.
Gozag was pleased with you.
You visited 2 branches of the dungeon, and saw 10 of its levels.
You also visited: Sewer.

You collected 1155 gold pieces.
You spent 390 gold pieces at shops.
You paid 37 gold pieces to Gozag.

Inventory:

Missiles
 t - 3 throwing nets
Armour
 a - a +0 robe (worn)
 u - a +0 cloak (worn)
 v - a +0 buckler (worn)
 A - the +2 robe of Modern Salvation {+Blink rF- SInv}
   (You found it on level 9 of the Dungeon)

   rF:        It makes you vulnerable to fire.
   SInv:      It lets you see invisible.
   +Blink:    It lets you blink.
Magical Staves
 d - a staff of air (weapon)
Jewellery
 e - a +4 ring of protection (left hand)
 r - an amulet of reflection (around neck)
Wands
 o - a wand of paralysis (14)
 x - a wand of mindburst (11)
Scrolls
 f - 3 scrolls of teleportation
 g - a scroll of fear
 i - a scroll of summoning
 k - a scroll of torment
 p - a scroll of fog
 s - 2 scrolls of magic mapping
 y - a scroll of amnesia {unknown}
 C - a scroll of acquirement {unknown}
Potions
 b - a potion of ambrosia
 c - a potion of curing {unknown}
 h - 2 potions of brilliance {unknown}
 j - a potion of cancellation {unknown}
 l - a potion of heal wounds {unknown}
 m - a potion of magic {unknown}
 n - a potion of might {unknown}
 q - 2 potions of haste {unknown}
 w - a potion of degeneration {unknown}
 z - 2 potions of mutation {unknown}


   Skills:
 * Level 5.0 Fighting
 + Level 1.0 Staves
 + Level 3.5 Dodging
 + Level 3.0 Stealth
 + Level 1.4 Shields
 + Level 0.7 Unarmed Combat
 * Level 10.3 Spellcasting


You had 6 spell levels left.
You knew the following spells:

 Your Spells              Type           Power      Damage    Failure   Level
a - Foxfire               Conj/Fire      100%       2x1d9     1%          1
b - Scorch                Fire           98%        2d10      1%          2
c - Conjure Flame         Conj/Fire      49%        6-21      1%          3
d - Inner Flame           Hex/Fire       49%        N/A       1%          3
e - Flame Wave            Conj/Fire      49%        3d9       1%          4
f - Beastly Appendage     Tmut           98%        N/A       1%          1
g - Call Imp              Summ           49%        N/A       1%          2
h - Frozen Ramparts       Ice            98%        1d11      1%          3
i - Fulminant Prism       Conj/Hex       24%        3d13      1%          4
Your spell library was empty.

Dungeon Overview and Level Annotations

Branches:
Dungeon (9/15)             Temple (1/1) D:4           Sewer (visited)
   Lair: D:8-11         Orc: D:9-12

Altars:
Ashenzari
Cheibriados
Dithmenos
Elyvilon
Fedhas
Gozag
Kikubaaqudgha
Makhleb
Nemelex Xobeh
Okawaru
Qazlal
Ru
Uskayaw
Vehumet
Wu Jian
Xom
Yredelemnul
Zin

Shops:
D:2 :   D:7 =


Innate Abilities, Weirdness & Mutations

You are immune to sickness and miasma.
You are immune to poison.
Your flesh is very heat resistant. (rF++)
You are vulnerable to cold. (rC-)
You float through the air rather than walking.
You learn spells naturally, not from books.
Your magical power is your life essence.
You have superior vitality. (+4 HP)


Message History

The orc wizard gestures wildly while chanting.
The orc wizard flickers and vanishes!
Deactivating autopickup; reactivate with Ctrl-A.
The orc warrior is no longer distracted by gold.
You see here 4 gold pieces.
Casting: Flame Wave (dangerous; 1% risk of failure)
Confirm with . or Enter, or press ? or * to list all spells.
Casting: Flame Wave (dangerous; 1% risk of failure)
Press: ? - help, Dir - look around, f - activate A wave of flame ripples out! (Press . to intensify the flame waves.)
An orc comes into view. It is wielding a +0 trident.
Unknown command.
A wave of flame ripples out!
The flame wave engulfs something!
You hear a shout!
A wave of flame ripples out!
The flame wave engulfs something!
Reactivating autopickup.
You feel a bit more experienced.
The flame wave engulfs the orc warrior!
The orc warrior is severely wounded.
The flame wave engulfs the orc!
You kill the orc!
You finish channelling waves of flame.
The orc warrior hits you from afar with a +4 glaive of flaming!!
The orc warrior burns you.
Casting: Flame Wave (dangerous; 1% risk of failure)
Confirm with . or Enter, or press ? or * to list all spells.
Flames lash the orc warrior but do no damage.
* * * LOW HITPOINT WARNING * * *
The orc warrior is distracted by your dazzling golden aura.
Casting: Scorch (safe; 1% risk of failure)
Confirm with . or Enter, or press ? or * to list all spells.
Flames lash the orc warrior.
The orc warrior is no longer distracted by gold.
The orc warrior shouts!
The orc warrior is almost dead.
The orc warrior's fire resistance burns away.
* * * LOW HITPOINT WARNING * * *
The orc warrior hits you from afar with a +4 glaive of flaming!!
You die...
Your body crumbles into a pile of gold.

..##.
#.#...........####
.##
####..........# .#
...........# .
......##.###
...... #...###
......###..#.#
.......#...#.###
.......$.......#
.....$$@$......#
.....##$.#.....#
....§§o.##....##
...y.$..###.###
....... ###
.....## .....
.....#


You could see an orc warrior (combustible).

Vanquished Creatures
  A shock serpent (shapeshifter) (D:8)
  A hornet (D:9)
  A troll (D:8)
  3 wyverns
  Eustachio (D:4)
  A water moccasin (D:7)
  2 sky beasts
  An orc warrior (D:8)
  An ice beast (D:6)
  2 necrophages
  An ogre (D:6)
  A centaur (D:8)
  4 bullfrogs
  2 scorpions (D:6)
  A wyvern skeleton (D:7)
  2 water moccasin skeletons
  4 killer bees (D:8)
  8 wights
  A howler monkey (D:7)
  A centaur zombie (D:5)
  2 hounds (D:4)
  A jelly (D:4)
  2 orc priests (D:7)
  2 gnoll shamans (D:6)
  2 bullfrog skeletons
  2 centaur skeletons
  Natasha (thrice) (D:3)
  Terence (D:3)
  An orc wizard (D:8)
  A killer bee zombie (D:8)
  A hound zombie (D:3)
  A hound skeleton (D:4)
  10 gnolls
  12 adders
  A white imp (D:8)
  2 adder zombies (D:3)
  A worm (D:2)
  4 dart slugs
  14 orcs
  14 endoplasms
  11 giant cockroaches
  4 goblins
  7 hobgoblins
  5 jackals (D:4)
  9 quokkas (Sewer)
  19 ball pythons
  6 bats
  12 frilled lizards (Sewer)
  8 kobolds
  2 rats (D:2)
199 creatures vanquished.

Vanquished Creatures (others)
  488 foxfires
488 creatures vanquished.

Grand Total: 687 creatures vanquished

Notes
Turn   | Place    | Note
-------+----------+-------------------------------------------
     0 | D:1      | robertstho the Djinni Fire Elementalist began the quest for
                  | the Orb.
     0 | D:1      | Reached XP level 1. HP: 15/15 MP: 0/0
   206 | D:1      | Reached XP level 2. HP: 8/21 MP: 0/0
   840 | D:1      | Reached skill level 3 in Spellcasting
  1245 | D:2      | Reached XP level 3. HP: 20/25 MP: 0/0
  1245 | D:2      | Learned a level 1 spell: Beastly Appendage
  1551 | D:2      | Reached XP level 4. HP: 19/31 MP: 0/0
  1932 | D:2      | Found a faded altar of an unknown god.
  2111 | D:2      | Found Ewyaschus's Book Shop.
  2395 | D:3      | Found a glowing silver altar of Zin.
  2690 | D:3      | Noticed Natasha
  2697 | D:3      | Killed Natasha
  2698 | D:3      | Reached skill level 4 in Spellcasting
  2698 | D:3      | Reached XP level 5. HP: 22/36 MP: 0/0
  2698 | D:3      | Learned a level 2 spell: Call Imp
  2923 | D:3      | Noticed a necrophage
  2930 | D:3      | Killed a necrophage
  2931 | D:3      | Reached skill level 1 in Fighting
  2931 | D:3      | Reached XP level 6. HP: 31/42 MP: 0/0
  3134 | D:3      | Noticed Natasha
  3143 | D:3      | Killed Natasha
  3416 | D:3      | Found a basalt altar of Yredelemnul.
  3859 | D:3      | Noticed Natasha
  3864 | D:3      | Killed Natasha
  3932 | D:3      | Noticed Terence
  3939 | D:3      | Killed Terence
  4285 | D:4      | Found a sparkling altar of Nemelex Xobeh.
  4294 | D:4      | Reached skill level 5 in Spellcasting
  4449 | D:4      | Found a sacrificial altar of Ru.
  4466 | D:4      | Reached XP level 7. HP: 43/47 MP: 0/0
  4466 | D:4      | Learned a level 3 spell: Frozen Ramparts
  4743 | D:4      | Found a staircase to the Ecumenical Temple.
  4788 | Temple   | Entered the Ecumenical Temple
  4836 | Temple   | Became a worshipper of Gozag Ym Sagoz the Greedy
  4962 | D:4      | Noticed Eustachio
  4968 | D:4      | Killed Eustachio
  5105 | D:4      | Reached skill level 1 in Staves
  5705 | D:5      | Entered Level 5 of the Dungeon
  5809 | D:5      | Found a glowing drain.
  5820 | D:5      | Reached skill level 6 in Spellcasting
  5825 | Sewer    | Entered a sewer
  6347 | Sewer    | Reached XP level 8. HP: 52/54 MP: 0/0
  8073 | D:6      | Reached skill level 7 in Spellcasting
  8554 | D:6      | Reached XP level 9. HP: 46/61 MP: 0/0
  8554 | D:6      | Learned a level 4 spell: Fulminant Prism
  8861 | D:7      | Reached skill level 8 in Spellcasting
  9264 | D:7      | Found Iner's Jewellery Shop.
  9267 | D:7      | Bought an amulet of reflection for 390 gold pieces
  9300 | D:7      | Found an iron altar of Okawaru.
  9686 | D:7      | Found a shadowy altar of Dithmenos.
 10117 | D:8      | Found a burning altar of Makhleb.
 10123 | D:8      | Reached skill level 9 in Spellcasting
 10131 | D:8      | Reached skill level 1 in Shields
 10146 | D:8      | Noticed a centaur warrior
 10382 | D:8      | Noticed a shock serpent
 10382 | D:8      | a floating eye changed into a shock serpent
 10387 | D:8      | Killed a shock serpent
 10388 | D:8      | Reached XP level 10. HP: 39/69 MP: 0/0
 10577 | D:8      | Noticed a skeletal warrior
 10983 | D:9      | Identified the +2 robe of Modern Salvation {+Blink rF-
                  | SInv}
 10989 | D:9      | Noticed a two-headed ogre
 10994 | D:9      | Reached skill level 10 in Spellcasting
 10996 | D:9      | Noticed a two-headed ogre
 11299 | D:8      | Reached skill level 5 in Fighting
 11402 | D:8      | Slain by an orc warrior

Illustrated notes

Levels and vault maps discovered:
D:1:      sevenhm_arrival_forest_fort_small_5, layout_rooms
D:2:      layout_rooms, hellmonk_ecumenical_altar_lost_god, serial_shops,
          nicolae_shop_behind_doors
D:3:      layout_basic, mainiacjoe_overflow_tiny_flanked,
          nicolae_yredelemnul_corpse_copse, serial_corexii_hall,
          chequers_hall_statues_y, chequers_hall_statues_wall_a,
          chequers_hall_statues_y, chequers_hall_statues_corner_a, uniq_terence,
          uniq_natasha
D:4:      layout_basic, mainiacjoe_overflow_concentric_impassable,
          mainiacjoe_overflow_catwalk, minmay_temple_entry_statues_fountains,
          uniq_eustachio
D:5:      layout_basic, cheibrodos_sewer_entry_sluice
D:6:      layout_loops_cross, serial_park_tiny_1
D:7:      layout_basic, mainiacjoe_overflow_cross_hatched,
          mainiacjoe_overflow_six_doors_small, serial_shops,
          nicolae_shop_behind_doors
D:8:      minmay_bloctagon_deflated, layout_cave_pools, bloody_makhleb,
          led_sif_pool, lemuel_round_altar
D:9:      layout_basic, lair_entry_dummy
Temple:   cyrus_circular_temple

Skill      XL: |  1  2  3  4  5  6  7  8  9 10 |
---------------+-------------------------------+-----
Spellcasting   | 3 4 5 6 7 9 10 | 10.3
Fighting       | 1 2 3 4 5 |  5.0
Staves         | 1 |  1.0
Stealth        | 2 3 |  3.0
Dodging        | 3 |  3.5
Shields        | 1 |  1.4
Unarmed Combat | |  0.7

Action                   |  1- 3 |  4- 6 |  7- 9 | 10-12 || total
-------------------------+-------+-------+-------+-------++-------
Melee: Unarmed           |     2 |       |       |       ||     2
       Staff             |    13 |    24 |     9 |       ||    46
 Cast: Foxfire           |    19 |     9 |   216 |    36 ||   280
       Scorch            |    17 |    62 |   110 |     6 ||   195
       Flame Wave        |       |       |     4 |     5 ||     9
  Use: Scroll            |       |       |     8 |     2 ||    10
       Potion            |       |       |     1 |       ||     1
 Stab: Sleeping          |     1 |     1 |       |       ||     2
Armor: Robe              |    10 |    19 |    10 |     1 ||    40
Dodge: Dodged            |    17 |    51 |    41 |     8 ||   117
Block: Buckler           |       |       |     6 |     7 ||    13

Table legend: (Time is in decaauts)
 A = Elapsed time spent in this place.
 B = Non-inter-level travel time spent in this place.
 C = Inter-level travel time spent in this place.
 D = Time resting spent in this place.
 E = Time spent auto-exploring this place.
 F = Levels seen in this place.
 G = Mean time per level.
                   A        B        C        D        E       F      G
               +--------+--------+--------+--------+--------+-----+--------+
         Total |  11410 |  11049 |    361 |    670 |   9120 |  11 | 1037.3 |
       Dungeon |  10238 |   9877 |    361 |    670 |   8232 |   9 | 1137.6 |
        Temple |     61 |     61 |      0 |      0 |     37 |   1 |   61.0 |
         Sewer |   1110 |   1110 |      0 |      0 |    851 |   1 | 1110.0 |
               +--------+--------+--------+--------+--------+-----+--------+

Top non-repeatable levels by time:
     D:3: 2027 daAuts
     D:7: 1555 daAuts
     D:4: 1478 daAuts
     D:1: 1238 daAuts
     D:6: 1130 daAuts
   Sewer: 1110 daAuts
     D:5: 911 daAuts
     D:2: 905 daAuts
     D:8: 900 daAuts
     D:9: 89 daAuts
  Temple: 61 daAuts
